AoeStats
← ツZuck3r

Black Forest

509127088Analyzed
2v2 RM · 5d ago on Sep 25, 2026· 44m 56s· 4 players
Game mode
Random Map
Map size
Medium (4 player)
Population
200
Speed
Normal
Resources
Standard
Victory
Conquest
Starting age
Dark Age
Ending age
Imperial Age
RankedLock teamsTeams togetherTeam positionsShared explorationLock speedFull tech treeHidden civsTurbo modeCheats
Victory
Defeat
🇧🇷 Romans · Brazil
630
+13
🇩🇪 Chinese · Germany
585
+15
🇵🇪 Franks · Peru
556
-23
🇵🇪 Cumans · Peru
554
-23
ツZuck3r
0:40 Loom
12:29 Feudal Age
12:56 Man-at-Arms
14:30 Wheelbarrow
15:49 Gold Mining
15:40 Horse Collar
17:45 Stone Mining
19:08 Double-Bit Axe
25:02 Castle Age
27:09 Bow Saw
27:20 Heavy Plow
28:45 Hand Cart
29:53 Caravan
31:29 Gold Shaft Mining
31:32 Stone Shaft Mining
31:35 Forging
31:30 Scale Barding Armor
31:26 Scale Mail Armor
33:56 Squires
34:42 Masonry
34:43 Fortified Wall
34:54 Ballistics
42:39 Imperial Age
43:53 Conscription
43:54 Rocketry
43:34 Great Wall
42:58 Cavalier
43:56 Chain Mail Armor
44:17 Iron Casting
44:03 Chain Barding Armor
43:05 Heavy Scorpion
43:06 Capped Ram
43:09 Elite Fire Lancer
Med
0:30 Loom
13:48 Feudal Age
15:20 Town Watch
20:21 Horse Collar
21:16 Gold Mining
22:48 Stone Mining
26:58 Castle Age
25:08 Double-Bit Axe
27:14 Wheelbarrow
28:00 Crossbowman
28:53 Pikeman
29:35 Squires
30:29 Gold Shaft Mining
30:55 Light Cavalry
31:45 Bloodlines
33:51 Husbandry
37:46 Fortified Wall
37:57 Ballistics
37:48 Masonry
37:55 Fortified Wall
38:07 Ballistics
38:34 Heavy Plow
42:52 Imperial Age
40:38 Scale Barding Armor
40:34 Scale Mail Armor
42:28 Murder Holes
43:27 Hand Cart
43:14 Town Patrol
44:05 Bow Saw
45:04 Chemistry
44:14 Fishing Lines
rompetubo
2:10 Loom
21:00 Feudal Age
26:19 Wheelbarrow
29:42 Double-Bit Axe
29:42 Horse Collar
32:25 Stone Mining
33:24 Fletching
38:18 Castle Age
37:08 Forging
37:04 Padded Archer Armor
39:43 Scale Barding Armor
39:40 Gold Mining
40:07 Bow Saw
41:36 Crossbowman
42:25 Thumb Ring
41:47 Pikeman
42:19 Arson
Crisma
14:58 Feudal Age
16:38 Wheelbarrow
15:53 Double-Bit Axe
23:05 Castle Age
22:10 Gold Mining
22:11 Stone Mining
22:25 Loom
24:28 Hand Cart
24:37 Crossbowman
26:39 Pikeman
27:29 Light Cavalry
35:46 Husbandry
38:08 Ordonnance Companies
39:28 Murder Holes
39:54 Ballistics
39:58 Bow Saw
41:39 Caravan
42:33 Scale Barding Armor
42:41 Forging
42:43 Gambesons
44:39 Gold Shaft Mining
Connection lost

Rejoining the realm…

Still unreachable

The connection could not be restored.

Session expired

The server has moved on; the page needs a fresh start.